 Dungeon Crawl Stone Soup version 0.29-a0-317-gd16b76e6b1 (console) character file.

Game seed: 10882896859477265221

5947 Ignak the Thaumaturge (level 10, -11/76 HPs)
             Began as a Gnoll Hedge Wizard on Apr 1, 2022.
             Hit by a large rock thrown by a cyclops (23 damage)
             ... on level 9 of the Dungeon.
             The game lasted 00:31:28 (8281 turns).

Ignak the Thaumaturge (Gnoll Hedge Wizard)          Turns: 8281, Time: 00:31:28

Health: -11/76     AC: 10    Str:  9 (10) XL:     10   Next: 84%
Magic:  13/23      EV: 13    Int: 22 (24) God:
Gold:   530        SH:  5    Dex:  9 (11) Spells: 1/27 levels left

rFire   . . .      SeeInvis .   a - +1 short sword (venom)
rCold   . . .      Faith    .   y - +0 buckler
rNeg    + . .      Spirit   .   m - +2 robe {Will+}
rPois   .          Reflect  .   z - +2 hat
rElec   .          Harm     .   j - +1 cloak
rCorr   .          Rampage  .   v - +0 pair of gloves
Will    +....                   (no boots)
Stlth   +++.......              e - amulet of regeneration
HPRegen 1.02/turn               h - ring of positive energy
MPRegen 0.18/turn               A - +6 ring of intelligence

@: lethally poisoned (-11 -> -49), on blink cooldown, slowed, very slow
A: fangs 1, strong nose, distributed training
a: no special abilities


You were on level 9 of the Dungeon.
You visited 2 branches of the dungeon, and saw 10 of its levels.

You collected 530 gold pieces.

Inventory:

Hand Weapons
 a - a +1 short sword of venom (weapon)
 b - a +2 mace of draining
 k - a +4 spear
 E - a +0 hand axe of flaming
 F - a +3 long sword
 G - a +4 scimitar
Missiles
 s - 26 poisoned darts (quivered)
Armour
 j - a +1 cloak (worn)
 l - a +2 robe of fire resistance
 m - a +2 robe of willpower (worn)
 v - a +0 pair of gloves (worn)
 w - an orb of mayhem
 y - a +0 buckler (worn)
 z - a +2 hat (worn)
Magical Staves
 H - a staff of poison
Jewellery
 e - an amulet of regeneration (around neck)
 g - a ring of poison resistance
 h - a ring of positive energy (left hand)
 A - a +6 ring of intelligence (right hand)
Wands
 q - a wand of polymorph (10)
 t - a wand of charming (12)
 B - a wand of flame (22)
Scrolls
 i - a scroll of blinking
 n - 3 scrolls of immolation
 p - a scroll of amnesia
 r - 3 scrolls of silence
 u - 2 scrolls of vulnerability
 x - 2 scrolls of magic mapping
 C - a scroll of teleportation
 D - 2 scrolls of identify
Potions
 c - a potion of flight
 d - 3 potions of magic
 f - 3 potions of brilliance
 o - a potion of lignification


   Skills:
 + Level 5.6 Fighting
 + Level 5.6 Short Blades
 + Level 5.6 Long Blades
 + Level 5.6 Axes
 + Level 5.6 Maces & Flails
 + Level 5.6 Polearms
 + Level 5.6 Staves
 + Level 5.6 Slings
 + Level 5.6 Bows
 + Level 5.6 Crossbows
 + Level 5.6 Throwing
 + Level 5.6 Armour
 + Level 7.3 Dodging
 + Level 7.1 Stealth
 + Level 5.6 Shields
 + Level 5.6 Unarmed Combat
 + Level 9.2 Spellcasting
 + Level 5.2 Conjurations
 + Level 4.6 Hexes
 + Level 5.2 Summonings
 + Level 4.6 Necromancy
 + Level 5.2 Translocations
 + Level 4.6 Transmutations
 + Level 4.6 Fire Magic
 + Level 4.6 Ice Magic
 + Level 4.6 Air Magic
 + Level 4.6 Earth Magic
 + Level 4.6 Poison Magic
 + Level 6.2 Invocations
 + Level 5.6 Evocations


You had one spell level left.
You knew the following spells:

 Your Spells              Type           Power      Damage    Failure   Level
a - Magic Dart            Conj           100%       1d8       1%          1
b - Blink                 Tloc           66%        N/A       1%          2
c - Slow                  Hex            100%       N/A       1%          1
d - Mephitic Cloud        Conj/Pois/Air  31%        N/A       3%          3
e - Call Imp              Summ           33%        N/A       1%          2
f - Sticky Flame          Conj/Fire      31%        2d5       11%         4
g - Ignite Poison         Fire/Tmut/Pois 30%        N/A       3%          3
h - Airstrike             Air            15%        N/A       12%         4
i - Swiftness             Air            30%        N/A       3%          3
r - Ozocubu's Armour      Ice            30%        N/A       3%          3

Your spell library contained the following spells:

 Spells                   Type           Power      Damage    Failure   Level
 Sandblast                Erth           60%        2d14      1%          1
 Shock                    Conj/Air       100%       1d9       1%          1
 Passwall                 Tmut/Erth      25%        N/A       1%          2
 Conjure Flame            Conj/Fire      31%        6-21      3%          3
 Stone Arrow              Conj/Erth      62%        3d10      3%          3
 Metabolic Englaciation   Hex/Ice        15%        N/A       34%         5
 Simulacrum               Ice/Necr       15%        N/A       88%         6


Dungeon Overview and Level Annotations

Branches:
Dungeon (9/15)             Temple (1/1) D:5
   Lair: D:8-11         Orc: D:9-12

Altars:
Ashenzari
Cheibriados
Elyvilon
Fedhas
Gozag
Hepliaklqana
Kikubaaqudgha
Okawaru
Qazlal
Trog
Uskayaw
Vehumet
Wu Jian
Yredelemnul
The Shining One

Shops:
D:5 !   D:6 !   D:9 ([[?

Annotations:
D:3 3 runed translucent doors, 1 exclusion, Dabor's ghost, amateur NaTm


Innate Abilities, Weirdness & Mutations

You have very sharp teeth.
Your uncanny sense of smell can sniff out nearby items.
Your experience applies equally to all skills.


Message History

The poisoned dart barely misses the death drake.
The death drake is engulfed in blazing flames.
Casting: Ignite Poison (dangerous; 3% risk of failure)
Confirm with . or Enter, or press ? or * to list all spells.
You can't see any susceptible monsters within range! (Use Z to cast anyway.) Unknown command.
Unknown command.
Casting: Ignite Poison (dangerous; 3% risk of failure)
Confirm with . or Enter, or press ? or * to list all spells.
Okay, then.
Unknown command.
Press: ? - help, v - describe, . - travel, g - get item
Here: a death drake shaped shifter (flame, heavily wounded, ally target) Item here: a poisoned dart.
The floor.
The death drake is engulfed in blazing flames.
The death drake breathes miasma at you. The foul vapour engulfs you!!
You are poisoned.
Casting: Ignite Poison (dangerous; 3% risk of failure)
Confirm with . or Enter, or press ? or * to list all spells.
You blink.
You are engulfed in dark miasma.
You are more poisoned.
You feel yourself slow down.
You feel extremely sick.
The death drake is engulfed in blazing flames.
The death drake barely misses you.
A cyclops comes into view.
Press: ? - help, v - describe, . - travel The floor.
You feel extremely sick.
The death drake is engulfed in blazing flames.
Your crimson imp closely misses the death drake.
The death drake breathes miasma at you. The foul vapour engulfs you!
You are lethally poisoned!
You feel as though you will be slow longer.
* * * LOW HITPOINT WARNING * * *
The cyclops throws a large rock.
The large rock hits you!!
You die...

#.#..........
#.##.♣.♣.♣.♣
#.#...♣.∩.♣.
#.#..♣.♣.♣.♣ ∆
#°#...∩.♣.∩.. ##.# ###
#°#○.♣.♣.♣S♣.# .... ..#
####°○5○○♣.∩.♣.... ...#
#.###°°°°°k○♣○♣.♣.♣.###
##.#
#.##°°#####@○○......#
#.###.#.#.# #○##..##..#
#.........# #○○ .....##
#.###.#.#.# #.###.###
#.##...#..### #C# .#
#............ ..# .#
#####...#.#.## #.#
.......##.#.# ...
######## .# .


You could see a death drake shaped shifter (ally target), a cyclops and a
friendly crimson imp (summoned).

Vanquished Creatures
  Maurice (D:8)
  Psyche (D:8)
  A troll (D:7)
  A hornet (D:6)
  A shadow (D:7)
  Grum (D:8)
  2 steam dragons (D:8)
  2 water moccasins (D:9)
  A black bear (D:8)
  2 orc warriors (D:9)
  3 ice beasts
  2 sky beasts
  2 wolves (D:8)
  3 centaurs
  2 kobold brigands
  A bullfrog (D:7)
  8 scorpions
  A gnoll sergeant (D:6)
  A water moccasin zombie (D:5)
  10 wights (D:8)
  2 howler monkeys
  A bullfrog zombie (D:5)
  2 hounds
  Crazy Yiuf (D:5)
  3 orc priests
  A jelly (D:6)
  4 iguanas
  4 orc wizards
  A killer bee zombie (D:5)
  A hound zombie (D:5)
  2 gnolls (D:6)
  5 adders
  A white imp (D:7)
  An ufetubus (D:5)
  3 worms
  4 dart slugs
  16 orcs
  2 endoplasms
  3 giant cockroaches (D:1)
  9 goblins
  A hobgoblin (D:1)
  4 quokkas
  5 ball pythons
  5 bats
  2 frilled lizards
  9 kobolds
  5 rats
143 creatures vanquished.

Vanquished Creatures (collateral kills)
  Sigmund (D:2)
  A water moccasin (D:7)
  2 black bears (D:7)
  An ice beast (D:8)
  A bullfrog (D:7)
  A water moccasin zombie (D:5)
  A hound (D:6)
  2 orc priests
  2 jellies
  2 iguanas (D:5)
  An orc wizard (D:4)
  A howler monkey zombie (D:5)
  Robin (D:2)
  2 gnolls (D:6)
  2 adders
  A worm (D:2)
  5 orcs
  2 giant cockroaches (D:1)
  A goblin (D:2)
  A hobgoblin (D:4)
  A quokka (D:2)
  2 kobolds
  A rat (D:2)
35 creatures vanquished.

Vanquished Creatures (others)
  A steam dragon (D:6)
  A gnoll (D:6)
2 creatures vanquished.

Grand Total: 180 creatures vanquished

Notes
Turn   | Place    | Note
-------+----------+-------------------------------------------
     0 | D:1      | Ignak the Gnoll Hedge Wizard began the quest for the Orb.
     0 | D:1      | Reached XP level 1. HP: 13/13 MP: 8/8
   385 | D:1      | Reached XP level 2. HP: 19/19 MP: 7/10
   395 | D:1      | Learned a level 2 spell: Blink
   397 | D:1      | Learned a level 1 spell: Slow
   400 | D:1      | Learned a level 2 spell: Call Imp
   831 | D:1      | Reached XP level 3. HP: 25/25 MP: 11/11
  1486 | D:2      | Learned a level 3 spell: Mephitic Cloud
  1661 | D:2      | Reached skill level 1 in Fighting
  1661 | D:2      | Reached skill level 1 in Short Blades
  1661 | D:2      | Reached skill level 1 in Long Blades
  1661 | D:2      | Reached skill level 1 in Axes
  1661 | D:2      | Reached skill level 1 in Maces & Flails
  1661 | D:2      | Reached skill level 1 in Polearms
  1661 | D:2      | Reached skill level 1 in Staves
  1661 | D:2      | Reached skill level 1 in Slings
  1661 | D:2      | Reached skill level 1 in Bows
  1661 | D:2      | Reached skill level 1 in Crossbows
  1661 | D:2      | Reached skill level 1 in Throwing
  1661 | D:2      | Reached skill level 1 in Armour
  1661 | D:2      | Reached skill level 1 in Shields
  1661 | D:2      | Reached skill level 1 in Unarmed Combat
  1661 | D:2      | Reached skill level 1 in Invocations
  1661 | D:2      | Reached skill level 1 in Evocations
  1661 | D:2      | Reached XP level 4. HP: 32/32 MP: 5/13
  1861 | D:2      | Noticed Sigmund
  1874 | D:2      | Killed Sigmund
  1875 | D:2      | Reached skill level 1 in Hexes
  1875 | D:2      | Reached skill level 1 in Necromancy
  1875 | D:2      | Reached skill level 1 in Transmutations
  1875 | D:2      | Reached skill level 1 in Fire Magic
  1875 | D:2      | Reached skill level 1 in Ice Magic
  1875 | D:2      | Reached skill level 1 in Air Magic
  1875 | D:2      | Reached skill level 1 in Earth Magic
  1875 | D:2      | Reached skill level 1 in Poison Magic
  1875 | D:2      | Reached XP level 5. HP: 26/38 MP: 9/14
  1875 | D:2      | Reached XP level 6. HP: 30/44 MP: 10/16
  1956 | D:2      | Noticed Robin
  1984 | D:2      | Killed Robin
  2410 | D:3      | Found a stormy altar of Qazlal.
  2428 | D:3      | Reached skill level 5 in Dodging
  2600 | D:3      | Found a runed translucent gate.
  2600 | D:3      | Found a runed translucent gate.
  2601 | D:3      | Found a runed translucent gate.
  2603 | D:3      | Identified the +1 short sword "Uso Manarrar" {venom, rCorr
                  | Str-4 Int+2 Dex+6}
  2603 | D:3      | Identified the +0 scale mail of the Crafting Gods {Drain
                  | +Inv Str+5}
  2603 | D:3      | Noticed Dabor's ghost (amateur NaTm)
  2640 | D:3      | You fall into a shaft and drop 1 floor!
  2683 | D:4      | Learned a level 3 spell: Ozocubu's Armour
  2983 | D:4      | Reached XP level 7. HP: 50/50 MP: 9/18
  3113 | D:4      | Found a broken altar of Ashenzari.
  3349 | D:4      | Found a hazy altar of Hepliaklqana.
  3506 | D:5      | Entered Level 5 of the Dungeon
  3522 | D:5      | Found a staircase to the Ecumenical Temple.
  3537 | Temple   | Entered the Ecumenical Temple
  3860 | D:5      | Reached skill level 5 in Stealth
  3978 | D:5      | Reached XP level 8. HP: 39/57 MP: 9/19
  4260 | D:5      | Found a basalt altar of Yredelemnul.
  4373 | D:5      | Found Gyrraan's Distillery.
  4549 | D:5      | Found a runed translucent door.
  4550 | D:5      | Noticed Crazy Yiuf
  4875 | D:5      | Killed Crazy Yiuf
  4938 | D:6      | Reached skill level 8 in Spellcasting
  5028 | D:6      | Noticed a hornet
  5029 | D:6      | Found Cayfahon's Distillery.
  5039 | D:6      | Killed a hornet
  5096 | D:6      | Reached XP level 9. HP: 65/65 MP: 5/21
  5578 | D:7      | Found a bloodstained altar of Trog.
  5682 | D:7      | Noticed a troll
  5708 | D:7      | Killed a troll
  5952 | D:7      | Reached skill level 5 in Invocations
  6323 | D:7      | Found an ornate altar of the Wu Jian Council.
  6443 | D:7      | Learned a level 4 spell: Sticky Flame
  6447 | D:7      | Learned a level 3 spell: Ignite Poison
  6578 | D:8      | Reached XP level 10. HP: 73/73 MP: 13/22
  6819 | D:7      | Reached skill level 5 in Fighting
  6819 | D:7      | Reached skill level 5 in Short Blades
  6819 | D:7      | Reached skill level 5 in Long Blades
  6819 | D:7      | Reached skill level 5 in Axes
  6819 | D:7      | Reached skill level 5 in Maces & Flails
  6819 | D:7      | Reached skill level 5 in Polearms
  6819 | D:7      | Reached skill level 5 in Staves
  6819 | D:7      | Reached skill level 5 in Slings
  6819 | D:7      | Reached skill level 5 in Bows
  6819 | D:7      | Reached skill level 5 in Crossbows
  6819 | D:7      | Reached skill level 5 in Throwing
  6819 | D:7      | Reached skill level 5 in Armour
  6819 | D:7      | Reached skill level 5 in Shields
  6819 | D:7      | Reached skill level 5 in Unarmed Combat
  6819 | D:7      | Reached skill level 5 in Evocations
  6966 | D:8      | Noticed Psyche
  6981 | D:8      | Killed Psyche
  7113 | D:8      | Noticed Maurice
  7130 | D:8      | Killed Maurice
  7131 | D:8      | Reached skill level 9 in Spellcasting
  7234 | D:8      | Noticed Grum
  7252 | D:8      | Killed Grum
  7253 | D:8      | Reached skill level 5 in Conjurations
  7253 | D:8      | Reached skill level 5 in Summonings
  7253 | D:8      | Reached skill level 5 in Translocations
  7303 | D:8      | Learned a level 4 spell: Airstrike
  7307 | D:8      | Learned a level 3 spell: Swiftness
  8254 | D:9      | Found Roept's Antique Weapon Boutique.
  8256 | D:9      | Found Faink's Antique Armour Boutique.
  8261 | D:9      | Found Bojosufy's Armour Boutique.
  8264 | D:9      | Found Gerriyga's Magic Scroll Boutique.
  8265 | D:9      | Noticed a black mamba
  8265 | D:9      | a black bear changed into a black mamba
  8270 | D:9      | Noticed a guardian serpent
  8270 | D:9      | a black mamba changed into a guardian serpent
  8273 | D:9      | a guardian serpent changed into a shapeshifter
  8277 | D:9      | Noticed a death drake
  8277 | D:9      | a culicivora changed into a death drake
  8280 | D:9      | Noticed a cyclops
  8281 | D:9      | Hit by a large rock thrown by a cyclops

Illustrated notes

Levels and vault maps discovered:
D:1:      dpeg_arrival_more_subterranean_lakeside_camping, layout_basic,
          serial_bayou_pond_a, minmay_worlds_worst_comb
D:2:      layout_basic, kennysheep_donut, uniq_robin, uniq_sigmund
D:3:      layout_loops_corners, grunt_qazlal_sundering, lemuel_round_altar,
          biasface_ghost_orc_armoury, minmay_tree_intersection
D:4:      layout_loops_ring, kennysheep_mini_moat, kennysheep_little_box
D:5:      layout_basic, nicolae_yredelemnul_corpse_copse,
          minmay_temple_entry_drinking_statues, serial_shops,
          nicolae_shop_behind_doors, uniq_crazy_yiuf_cottage
D:6:      layout_cave_pools, serial_shops, nicolae_square_shop
D:7:      layout_basic, amcnicky_altar_gilded, mainiacjoe_overflow_catwalk
D:8:      layout_rooms, hex_tiny, minmay_misc_feat_rugged, uniq_psyche,
          uniq_grum, uniq_maurice
D:9:      layout_loops_ring, mainiacjoe_overflow_two_lobes,
          nzn_makhleb_speed_demon, kennysheep_orc_monster_closet_entryway,
          minmay_shop_grid_forest
Temple:   jpeg_temple_island

Skill      XL: |  1  2  3  4  5  6  7  8  9 10 |
---------------+-------------------------------+-----
Conjurations   | 2 3 4 5 |  5.2
Summonings     | 2 3 4 5 |  5.2
Translocations | 2 3 4 5 |  5.2
Fighting       | 1 2 3 4 5 |  5.6
Short Blades   | 1 2 3 4 5 |  5.6
Long Blades    | 1 2 3 4 5 |  5.6
Axes           | 1 2 3 4 5 |  5.6
Maces & Flails | 1 2 3 4 5 |  5.6
Polearms       | 1 2 3 4 5 |  5.6
Staves         | 1 2 3 4 5 |  5.6
Slings         | 1 2 3 4 5 |  5.6
Bows           | 1 2 3 4 5 |  5.6
Crossbows      | 1 2 3 4 5 |  5.6
Throwing       | 1 2 3 4 5 |  5.6
Armour         | 1 2 3 4 5 |  5.6
Shields        | 1 2 3 4 5 |  5.6
Unarmed Combat | 1 2 3 4 5 |  5.6
Invocations    | 1 2 3 4 5 6 |  6.2
Evocations     | 1 2 3 4 5 |  5.6
Hexes          | 1 2 3 4 |  4.6
Necromancy     | 1 2 3 4 |  4.6
Transmutations | 1 2 3 4 |  4.6
Fire Magic     | 1 2 3 4 |  4.6
Ice Magic      | 1 2 3 4 |  4.6
Air Magic      | 1 2 3 4 |  4.6
Earth Magic    | 1 2 3 4 |  4.6
Poison Magic   | 1 2 3 4 |  4.6
Dodging        | 5 6 7 |  7.3
Stealth        | 5 6 7 |  7.1
Spellcasting   | 8 9 |  9.2

Action                   |  1- 3 |  4- 6 |  7- 9 | 10-12 || total
-------------------------+-------+-------+-------+-------++-------
Melee: Dagger            |     6 |       |       |       ||     6
       Long sword        |    48 |    13 |       |       ||    61
       Bite              |     6 |     6 |    15 |    18 ||    45
       Punch             |     1 |       |       |       ||     1
       Scythe            |       |   104 |   205 |       ||   309
       Short sword       |       |       |     4 |   139 ||   143
Throw: Dart              |       |       |       |     7 ||     7
 Cast: Magic Dart        |    28 |     4 |       |       ||    32
       Call Imp          |     8 |    15 |    30 |    11 ||    64
       Blink             |     3 |     4 |     9 |     5 ||    21
       Mephitic Cloud    |       |     3 |    18 |     8 ||    29
       Ozocubu's Armour  |       |     1 |     2 |     7 ||    10
       Slow              |       |       |     2 |     5 ||     7
       Sticky Flame      |       |       |     1 |    17 ||    18
       Ignite Poison     |       |       |       |     3 ||     3
Evoke: Wand              |       |       |     1 |     1 ||     2
  Use: Potion            |     2 |     1 |     5 |     1 ||     9
       Scroll            |       |       |     8 |     2 ||    10
 Stab: Sleeping          |     4 |     6 |     2 |     3 ||    15
       Confused          |       |     1 |     2 |     5 ||     8
       Distracted        |       |       |     2 |       ||     2
Armor: Robe              |     7 |    60 |    99 |    51 ||   217
Dodge: Dodged            |    49 |    98 |   207 |   103 ||   457
Block: Buckler           |       |       |       |    35 ||    35

Table legend: (Time is in decaauts)
 A = Elapsed time spent in this place.
 B = Non-inter-level travel time spent in this place.
 C = Inter-level travel time spent in this place.
 D = Time resting spent in this place.
 E = Time spent auto-exploring this place.
 F = Levels seen in this place.
 G = Mean time per level.
                   A        B        C        D        E       F      G
               +--------+--------+--------+--------+--------+-----+--------+
         Total |   8593 |   8258 |    335 |    552 |   4594 |  10 |  859.3 |
       Dungeon |   8284 |   7974 |    310 |    552 |   4339 |   9 |  920.4 |
        Temple |    308 |    283 |     25 |      0 |    254 |   1 |  308.0 |
               +--------+--------+--------+--------+--------+-----+--------+

Top non-repeatable levels by time:
     D:2: 1238 daAuts
     D:1: 1215 daAuts
     D:8: 1199 daAuts
     D:5: 1197 daAuts
     D:7: 1178 daAuts
     D:4: 931 daAuts
     D:6: 689 daAuts
     D:9: 378 daAuts
  Temple: 308 daAuts
     D:3: 256 daAuts
